 Dungeon Crawl Stone Soup version 0.23.2-30-g0e89c35649 (webtiles) character file.

Game seed: 13999045702975548529

53 teukkam the Covered (level 3, 0/33 HPs)
             Began as a Minotaur Fighter on June 21, 2019.
             Succumbed to an adder's poison
             ... on level 2 of the Dungeon.
             The game lasted 00:05:40 (553 turns).

teukkam the Covered (Minotaur Fighter)               Turns: 553, Time: 00:05:41

Health: 0/33       AC:  7    Str: 26    XL:     3   Next: 62%
Magic:  2/2        EV:  7    Int: 10    God:
Gold:   46         SH: 10    Dex:  9    Spells: 2/2 levels left

rFire    . . .     SeeInvis .   k - -3 hunting sling (curse)
rCold    . . .     Gourm    .   c - +0 shield
rNeg     . . .     Faith    .   h - +0 scale mail
rPois    .         Spirit   .   (helmet restricted)
rElec    .         Reflect  .   (no cloak)
rCorr    .         Harm     .   (no gloves)
MR       .....                  (no boots)
Stlth    ..........             (no amulet)
HPRegen  0.11/turn              (no ring)
MPRegen  0.08/turn              (no ring)

@: mighty, brilliant, lethally poisoned (0 -> -2)
A: retaliatory headbutt, horns 2
a: no special abilities


You were on level 2 of the Dungeon.
You were not hungry.

You visited 1 branch of the dungeon, and saw 2 of its levels.

You collected 46 gold pieces.

Inventory:

Hand Weapons
 a - a +0 war axe
 b - a +0 hunting sling
 k - a cursed -3 hunting sling (weapon)
Missiles
 l - 11 stones (quivered)
Armour
 c - a +0 shield (worn)
 h - a +0 scale mail (worn)
Potions
 e - a potion of brilliance
Comestibles
 f - a ration
 i - a chunk of flesh


   Skills:
 - Level 3.8 Fighting
 - Level 2.7 Axes
 + Level 2.7 Slings
 - Level 3.9 Armour
 - Level 3.9 Shields


You had 2 spell levels left.
You didn't know any spells.
Your spell library contained the following spells:

 Spells                   Type           Power        Failure   Level  Hunger
 Beastly Appendage        Tmut           #.....       32%         1    ##.....
 Sticks to Snakes         Tmut           #.......     43%         2    ###....
 Spider Form              Tmut/Pois      #.........   65%         3    ####...
 Ice Form                 Ice/Tmut       #.......     93%         4    #####..
 Blade Hands              Tmut           #.........   99%         5    ######.


Dungeon Overview and Level Annotations

Branches:
Dungeon (2/15)

Altars:

Annotations:
D:2 Jessica


Innate Abilities, Weirdness & Mutations

You reflexively headbutt those who attack you in melee.
You have a pair of horns on your head.


Message History

The leopard gecko bites you.
You clumsily bash the leopard gecko.
Your headbutt misses the leopard gecko.
The leopard gecko is severely wounded.
The leopard gecko bites you but does no damage.
You block the leopard gecko's attack.
You hit the leopard gecko!
You kill the leopard gecko!
Jessica gestures at you while chanting. Pain shoots through your body!
You feel sick.
Jessica is no longer moving quickly.
Jessica casts a spell at you. Pain shoots through your body!
* * * LOW HITPOINT WARNING * * *
You see here a leopard gecko corpse.
You clumsily bash Jessica.
Your headbutt misses Jessica.
Jessica is severely wounded.
You block Jessica's attack.
You clumsily bash Jessica.
Your headbutt misses Jessica.
Jessica is almost dead.
You die...

#.....................
#........########.###.
#........# #.# ##
######.### #.#
#..###### ##.#
##......###..#
####.......##.#####
#.†..#####)...#....
##@(## ..##.....###
#@.# ..:#....#### #..#
..!#........ #.(#
..(#....#### #.(##
..##......##
##..##'##..#..#...
##.......##......
##.....##..##...
##...## ##...


You could see Jessica.

Vanquished Creatures
  2 adders (D:2)
  A leopard gecko (D:2)
  3 bats
  3 giant cockroaches
  3 goblins
  4 hobgoblins
  4 jackals (D:1)
  2 kobolds
  3 quokkas (D:2)
  A ball python (D:2)
  2 frilled lizards (D:2)
  A rat (D:2)
29 creatures vanquished.

Notes
Turn   | Place    | Note
-------+----------+-------------------------------------------
     0 | D:1      | teukkam the Minotaur Fighter began the quest for the Orb.
     0 | D:1      | Reached XP level 1. HP: 19/19 MP: 0/0
   119 | D:1      | Reached XP level 2. HP: 22/27 MP: 1/1
   251 | D:2      | Reached skill level 1 in Slings
   285 | D:2      | Reached XP level 3. HP: 28/33 MP: 2/2
   516 | D:2      | Noticed Jessica
   551 | D:2      | HP: 1/33 [Jessica/nerve-wracking pain (10)]
   553 | D:2      | Succumbed to an adder's poison

Skill      XL: |  1  2  3 |
---------------+----------+-----
Slings         | 1 2 |  2.7
Fighting       | |  3.8
Axes           | |  2.7
Armour         | |  3.9
Shields        | |  3.9

Action                   || total
-------------------------++-------
Melee: War axe           ||    20
       Headbutt          ||     2
       Hunting sling     ||    11
 Fire: Hunting sling     ||   101
  Use: Scroll            ||     1
       Potion            ||     4
Armor: Scale mail        ||    69
Dodge: Dodged            ||    31
Block: Shield            ||    71
